 Dungeon Crawl Stone Soup version 0.31-a0-1620-gcbf77bbcfc (webtiles) character file.

Game seed: 15978791130453728731

184 Tialis the Trooper (level 5, 0/46 HPs)
             Began as a Ghoul Fighter on Jan 11, 2024.
             Slain by an adder (1 damage)
             ... on level 4 of the Dungeon.
             The game lasted 00:09:57 (2028 turns).

Tialis the Trooper (Ghoul Fighter)                  Turns: 2028, Time: 00:09:58

Health: 0/46       AC:  5    Str: 20    XL:     5   Next: 64%
Magic:  5/5        EV: 10    Int:  9    God:
Gold:   127        SH:  4    Dex:  8    Spells: 4/4 levels left

rFire   + . .        a - +0 war axe
rCold   + + .        c - +0 buckler
rNeg    + + +        k - +0 ring mail
rPois   ∞            (no helmet)
rElec   +            (no cloak)
rCorr   +            (no gloves)
SInv    .            (no boots)
Will    .....        (no amulet) Stlth
                     (no ring)
HPRegen 0.00/turn    (no ring)
MPRegen 0.09/turn

%: no passive effects
@: mighty, resistant, inhibited regen
A: claws 1, cold resistance 1, negative energy resistance 3, inhibited
regeneration, torment resistance 2, devour on kill
a: no special abilities


You were on level 4 of the Dungeon.
You visited 1 branch of the dungeon, and saw 4 of its levels.

You collected 127 gold pieces.

Inventory:

Hand Weapons
 a - a +0 war axe (weapon)
 f - a +2 hand cannon of draining
Armour
 b - a +0 scale mail
 c - a +0 buckler (worn)
 k - a +0 ring mail (worn)
Scrolls
 g - 2 scrolls of teleportation
 n - a scroll of vulnerability
Potions
 e - a potion of attraction
 i - a potion of degeneration {unknown}
 j - a potion of brilliance {unknown}
 o - a potion of curing {unknown}
 p - a potion of heal wounds {unknown}


   Skills:
 - Level 4.0 Fighting
 * Level 3.3 Axes
 + Level 3.6 Armour
 + Level 3.5 Shields


You had 4 spell levels left.
You didn't know any spells.
Your spell library was empty.

Dungeon Overview and Level Annotations

Branches:
Dungeon (4/15)
 Temple: D:4-7

Altars:
Dithmenos

Portals:
Sewer: D:3

Annotations:
D:3 Sigmund


Innate Abilities, Weirdness & Mutations

You are immune to poison.
You have sharp fingernails.
Your flesh is cold resistant. (rC+)
You are immune to negative energy. (rN+++)
You do not regenerate when monsters are visible.
You are immune to unholy pain and torment.
You thrive by killing the living.


Message History

You slash the adder!
You kill the adder!
You feel better. The adder bites you but does no damage. Something hits you.
You barely miss the adder.
The adder is severely wounded.
The adder barely misses you. The adder bites you but does no damage.
You slash the adder!
You kill the adder!
You feel better. Something hits you. Something hits you but does no damage.
You are confused.
A magic dart appears from out of thin air!
The magic dart hits you.
You bump into the rock wall.
The giant cockroach waves its antennae.
You bump into the rock wall.
A puff of flame appears from out of thin air!
The puff of flame hits you.
You bump into the rock wall.
You bump into the rock wall.
You feel less confused.
It was a potion of resistance.
You feel protected. Something hits you!
* * * LOW HITPOINT WARNING * * *
Okay, then.
Something hits you.
* * * LOW HITPOINT WARNING * * *
Found a dagger.
Found a stone staircase leading down.
There is a stone staircase leading down here.
You climb downwards.
Reactivating autopickup.
The adder hisses angrily.
Found 3 poisoned darts and 28 gold pieces.
Found a stone staircase leading up.
There is a stone staircase leading up here.
You see here 3 poisoned darts.
You miss the adder. The adder bites you but does no damage.
You miss the adder. The adder barely misses you. The adder bites you.
You die...

.$..... ......
#.............
#............
#............
#..........
#.........# #..
#.......#.##...#
#.......<......#
#....@......####
#.$..S....^##
.....#.....###
...< #.#...# ...
.......# ..
...###..# .....#
#..# .... ....
... ...#


You could see an adder.

Vanquished Creatures
  Natasha (twice) (D:2 D:3)
  8 adders
  2 dart slugs
  2 ribbon worms
  5 bats
  2 endoplasms (D:1)
  3 giant cockroaches
  5 goblins
  7 hobgoblins
  4 jackals
  4 kobolds
  A quokka (D:2)
  6 ball pythons
  A frilled lizard (D:1)
  3 rats
55 creatures vanquished.

Notes
Turn   | Place    | Note
-------+----------+-------------------------------------------
     0 | D:1      | Tialis the Ghoul Fighter began the quest for the Orb.
     0 | D:1      | Reached XP level 1. HP: 19/19 MP: 1/1
   203 | D:1      | Reached XP level 2. HP: 21/26 MP: 2/2
   541 | D:1      | Reached XP level 3. HP: 31/31 MP: 3/3
  1226 | D:2      | Noticed Natasha
  1242 | D:2      | Killed Natasha
  1243 | D:2      | Reached XP level 4. HP: 18/40 MP: 4/4
  1404 | D:2      | Reached skill level 4 in Fighting
  1653 | D:2      | Noticed Natasha
  1675 | D:3      | Killed Natasha
  1676 | D:3      | Reached XP level 5. HP: 27/46 MP: 5/5
  1817 | D:3      | Found a glowing drain.
  1834 | D:3      | Found a shadowy altar of Dithmenos.
  1963 | D:3      | Noticed Sigmund
  2018 | D:3      | HP: 1/46 [something (6)]
  2028 | D:4      | Slain by an adder

Illustrated notes

Levels and vault maps discovered:
D:1:      grunt_arrival_lava_bath, layout_loops_corners
D:2:      minmay_evil_eye, layout_rooms, uniq_natasha
D:3:      layout_basic, mainiacjoe_overflow_concentric_impassable,
          gup_sewer_entry_glass, kennysheep_small_spiral, uniq_sigmund
D:4:      layout_rooms, nicolae_overflow_squiral, serial_shops, shop, uniq_ijyb

Skill      XL: |  1  2  3  4 |
---------------+-------------+-----
Axes           | 2 3 |  3.3
Armour         | 3 |  3.6
Shields        | 3 |  3.5
Fighting       | 4 |  4.0

Action                     |  1- 3 |  4- 6 || total
---------------------------+-------+-------++-------
  Melee: War axe           |   127 |   117 ||   244
    Use: Scroll            |       |     4 ||     4
         Potion            |       |     2 ||     2
 Armour: Scale mail        |    58 |       ||    58
         Ring mail         |    37 |   119 ||   156
  Dodge: Dodged            |    66 |    86 ||   152
  Block: Buckler           |    21 |    34 ||    55

Table legend: (Time is in decaauts)
 A = Elapsed time spent in this place.
 B = Non-inter-level travel time spent in this place.
 C = Inter-level travel time spent in this place.
 D = Time resting spent in this place.
 E = Time spent auto-exploring this place.
 F = Levels seen in this place.
 G = Mean time per level.
                   A        B        C        D        E       F      G
               +--------+--------+--------+--------+--------+-----+--------+
         Total |   2135 |   2084 |     51 |    263 |   1154 |   4 |  533.8 |
       Dungeon |   2135 |   2084 |     51 |    263 |   1154 |   4 |  533.8 |
               +--------+--------+--------+--------+--------+-----+--------+

Top non-repeatable levels by time:
     D:1: 1090 daAuts
     D:2: 652 daAuts
     D:3: 388 daAuts
     D:4: 5 daAuts
